 Dungeon Crawl Stone Soup version 0.31-a0-771-g505c3d19dc (webtiles) character file.

Game seed: 4270990803712765984

4419 cforsyth the Fighter (level 10, 0/72 HPs)
             Began as a Djinni Delver on Sept 16, 2023.
             Was a Priest of Hepliaklqana.
             Slain by a warg (9 damage)
             ... on level 7 of the Dungeon.
             The game lasted 00:15:39 (9167 turns).

cforsyth the Fighter (Djinni Delver)                Turns: 9167, Time: 00:15:39

Health: 0/72       AC:  7    Str: 11    XL:     10   Next: 62%
Gold:   460        EV: 12    Int: 16    God:    Hepliaklqana [***...] SH:  0 Dex: 15

rFire   + + .        a - +0 falchion
rCold   . . .        (no shield)
rNeg    . . .        j - +2 leather armour {rPois}
rPois   ∞            (no helmet)
rElec   .            y - +0 cloak
rCorr   .            n - +0 pair of gloves
SInv    +            (boots unavailable)
Will    +....        (no amulet)
Stlth   ++           w - ring of see invisible
HPRegen 0.32/turn    z - ring of protection from cold
MPRegen 0.00/turn

%: infuse magic (-1 HP)
@: flying
A: reduced essence, sickness immunity, fire resistance 2, cold vulnerability 1,
float, innate caster, HP casting, extra vitality 1
a: Renounce Religion, Recall Ancestor, Ancestor Identity, Transference


You were on level 7 of the Dungeon.
You worshipped Hepliaklqana.
Hepliaklqana was most pleased with you.
You visited 2 branches of the dungeon, and saw 9 of its levels.
You also visited: Ossuary.

You collected 460 gold pieces.

Inventory:

Hand Weapons
 a - a +0 falchion (weapon)
 k - a +0 short sword of electrocution
Armour
 b - a +0 leather armour
 j - a +2 leather armour of poison resistance (worn)
 n - a +0 pair of gloves (worn)
 y - a +0 cloak (worn)
Jewellery
 d - a ring of positive energy
 w - a ring of see invisible (left hand)
 x - a ring of fire
 z - a ring of protection from cold (right hand)
Wands
 g - a wand of digging (3)
 i - a wand of flame (14)
 E - a wand of paralysis (6)
 I - a wand of light (14)
Scrolls
 c - a scroll of fog
 h - a scroll of acquirement {unknown}
 l - a scroll of vulnerability {unknown}
 m - 4 scrolls of noise {unknown}
 o - a scroll of immolation {unknown}
 q - 5 scrolls of teleportation {unknown}
 s - a scroll of brand weapon {unknown}
 t - 3 scrolls of enchant armour {unknown}
 A - 12 scrolls of identify {unknown}
 C - a scroll of blinking {unknown}
 F - a scroll of poison {unknown}
 G - a scroll of torment {unknown}
 J - a scroll of amnesia {unknown}
Potions
 e - a potion of mutation {unknown}
 f - 2 potions of haste
 p - a potion of lignification {unknown}
 r - 5 potions of degeneration {unknown}
 u - 4 potions of curing {unknown}
 v - a potion of attraction {unknown}
 B - a potion of cancellation {unknown}
 D - a potion of berserk rage {unknown}
 H - a potion of magic {unknown}
 K - a potion of invisibility {unknown}
 L - a potion of heal wounds


   Skills:
 + Level 10.9 Fighting
 - Level 1.7 Long Blades
 - Level 2.1 Dodging
 - Level 4.1 Stealth
 + Level 7.8 Spellcasting
 + Level 7.8 Conjurations
 + Level 7.8 Hexes
 + Level 7.8 Summonings
 + Level 7.8 Necromancy
 + Level 7.8 Translocations
 + Level 7.8 Transmutations
 + Level 7.8 Fire Magic
 + Level 7.8 Ice Magic
 + Level 7.8 Air Magic
 + Level 7.8 Earth Magic
 + Level 7.8 Poison Magic


You knew the following spells:

 Your Spells              Type           Power      Damage    Failure   Level
a - Kiss of Death         Conj/Necr      100%       2d13      1%          1
b - Poisonous Vapours     Pois/Air       62%        N/A       1%          2
c - Tukima's Dance        Hex            31%        N/A       1%          3
d - Mephitic Cloud        Conj/Pois/Air  31%        N/A       1%          3
Your spell library was empty.

Dungeon Overview and Level Annotations

Branches:
Dungeon (8/15)             Temple (1/1) D:5            Lair (0/5) D:8
Ossuary (visited)

Altars:
Ashenzari
Cheibriados
Dithmenos
Elyvilon
Fedhas
Hepliaklqana
Makhleb
Okawaru
Qazlal
Trog
Uskayaw
Wu Jian
Xom
Yredelemnul
Zin
Lugonu

Shops:
D:1 (

Annotations:
D:3 2 transporters, tinescath's ghost, amateur TrSh
D:8 2 transporters, Joseph; justen's ghost, novice MfSh


Innate Abilities, Weirdness & Mutations

Your life essence is reduced to manifest your ancestor. (-10% HP)
You are immune to sickness and miasma.
You are immune to poison.
Your flesh is very heat resistant. (rF++)
You are vulnerable to cold. (rC-)
You float through the air rather than walking.
You learn spells naturally, not from books.
Your magical power is your life essence.
You have superior vitality. (+4 MHP)


Message History

Wilburh blocks the sling bullet.
The orc barely misses you.
You closely miss the warg.
The warg is moderately wounded.
The warg misses you.
Your +0 short sword barely misses the orc.
The orc hits you but does no damage. The warg barely misses you.
The white imp shouts, "Remove thy stench, thou jarring nose-picking canker-blossom!"
Your +0 short sword hits the orc.
The orc dies!
Joseph unwields a +0 sling.
Joseph wields a +0 quarterstaff.
Joseph hits Wilburh with a +0 quarterstaff.
Wilburh hits Joseph with a +0 flail.
The warg attacks as it pursues you! The warg misses you.
Joseph hits Wilburh but does no damage.
The warg attacks as it pursues you! The warg bites you!
Wilburh misses Joseph.
Joseph barely misses Wilburh.
The warg bites you!
There is a stone staircase leading up here.
The warg completely misses you.
You fly upwards.
There is a stone staircase leading down here.
Wilburh is recalled.
The warg closely misses you.
You barely miss the warg.
The warg is moderately wounded.
The warg closely misses you.
Wilburh closely misses the warg.
The warg bites you!
* * * LOW HITPOINT WARNING * * *
You hit the warg.
The warg is heavily wounded.
The warg bites you.
* * * LOW HITPOINT WARNING * * *
Wilburh hits the warg with a +0 flail!
You hit the warg.
The warg is severely wounded.
The warg closely misses you. x2
You closely miss the warg.
The warg is severely wounded.
Wilburh barely misses the warg.
The warg bites you!
You die...

#.# ##...# #......
#.###.#########+.####
#.##.###≈≈≈≈≈≈≈..≈≈≈≈
####.##.# #≈............
#....##.###≈.♣♣♣♣....♣♣♣
#.#####..##≈.♣ ♣....♣
#.# #...#≈.♣ ♣....♣ #.#
##h#.#≈.♣♣♣♣....♣♣♣ #.#
#[@R.#≈............ #.#
##.#.#≈.......(.... #.#
##..#≈............ #.#
##.#≈............ #.#
#.#≈.♣♣♣♣....♣♣♣ #.#
#.#≈.♣ ♣....♣ #.# #.#≈.♣
♣....♣ #.#
###≈.♣♣♣♣....♣♣♣ #.#
#≈............


You could see the friendly Wilburh the knight and a warg (ally target).

Vanquished Creatures
  A troll (D:7)
  A wyvern (D:7)
  2 yaks
  Menkaure (D:4)
  An ice beast (D:5)
  2 sky beasts (D:6)
  A centaur (D:7)
  A bullfrog (D:8)
  3 water moccasin zombies (Ossuary)
  2 scorpions
  A wight (D:6)
  2 howler monkeys
  A jelly (D:7)
  A gnoll bouda (D:6)
  3 hounds
  2 orc priests
  2 iguanas (D:4)
  An orc wizard (D:5)
  9 gnolls
  5 adders
  2 white imps
  3 ufetubi
  2 adder zombies (Ossuary)
  2 worms
  A dart slug (D:5)
  7 orcs
  3 ball pythons
  11 endoplasms
  A giant cockroach (D:3)
  2 gnoll zombies (Ossuary)
  5 goblins
  11 hobgoblins
  2 jackals (D:1)
  9 kobolds
  3 quokkas
  A bat (D:1)
  2 frilled lizards (D:1)
  3 hobgoblin zombies (Ossuary)
  4 kobold zombies (Ossuary)
  4 orc zombies (Ossuary)
  5 rats
125 creatures vanquished.

Vanquished Creatures (collateral kills)
  Sigmund (D:4)
  4 yaks
  A wraith (D:7)
  2 wargs
  An ogre (D:7)
  2 centaurs
  A kobold brigand (D:7)
  A bullfrog (D:8)
  2 scorpions
  A water moccasin zombie (Ossuary)
  4 wights (D:6)
  2 electric eels (D:7)
  3 orc priests
  An iguana (D:6)
  A jelly (D:5)
  A sleepcap (D:6)
  2 orc wizards
  2 mummies (Ossuary)
  4 gnolls
  2 adder zombies (Ossuary)
  10 orcs
  2 bats (D:1)
  2 goblins
  A jackal (D:1)
  6 kobolds
  A quokka (D:1)
  A frilled lizard (D:2)
  A gnoll zombie (D:8)
  A rat (D:1)
  A rat zombie (D:8)
64 creatures vanquished.

Vanquished Creatures (others)
  6 dancing weapons
  3 knights
9 creatures vanquished.

Grand Total: 198 creatures vanquished

Notes
Turn   | Place    | Note
-------+----------+-------------------------------------------
     0 | D:5      | cforsyth the Djinni Delver began the quest for the Orb.
     0 | D:5      | Reached XP level 1. HP: 20/20 MP: 0/0
    47 | D:5      | Found a staircase to the Ecumenical Temple.
   104 | Temple   | Entered the Ecumenical Temple
   122 | Temple   | Became a worshipper of Hepliaklqana the Forgotten
   174 | D:5      | Reached XP level 2. HP: 12/25 MP: 0/0
   241 | D:5      | Noticed an ice beast
   264 | D:5      | Killed an ice beast
   265 | D:5      | Reached skill level 4 in Fighting
   265 | D:5      | Reached XP level 3. HP: 31/31 MP: 0/0
   265 | D:5      | Learned a level 1 spell: Kiss of Death
   265 | D:5      | Reached XP level 4. HP: 37/37 MP: 0/0
   265 | D:5      | Reached XP level 5. HP: 41/41 MP: 0/0
   265 | D:5      | Learned a level 2 spell: Poisonous Vapours
   706 | D:5      | Reached XP level 6. HP: 34/49 MP: 0/0
   948 | D:5      | Reached skill level 5 in Fighting
  1356 | D:3      | Reached * piety under Hepliaklqana
  1407 | D:3      | Found a shimmering altar of Xom.
  1506 | D:3      | Found a burning altar of Makhleb.
  1608 | D:3      | Noticed tinescath's ghost (amateur TrSh)
  1614 | D:3      | Identified the +0 buckler of Tender Moments {Regen+ Str+2
                  | Stlth+}
  1642 | D:3      | Found a transporter.
  1645 | D:3      | Found a transporter.
  1969 | D:2      | Reached XP level 7. HP: 33/49 MP: 0/0
  1969 | D:2      | Learned a level 3 spell: Tukima's Dance
  2164 | D:2      | Reached ** piety under Hepliaklqana
  2165 | D:2      | Remembered your ancestor Wilburh as a knight
  2217 | D:2      | Found an iron altar of Okawaru.
  2479 | D:1      | Found Ekhliv's Antique Weapon Shop.
  3179 | D:4      | Noticed Menkaure
  3475 | D:4      | Noticed Sigmund
  3480 | D:4      | Killed Sigmund
  3481 | D:4      | Reached skill level 6 in Fighting
  3569 | D:4      | Reached XP level 8. HP: 48/55 MP: 0/0
  3758 | D:4      | Killed Menkaure
  4219 | D:5      | Reached skill level 7 in Fighting
  4853 | D:6      | Reached skill level 5 in Spellcasting
  4853 | D:6      | Reached skill level 5 in Conjurations
  4853 | D:6      | Reached skill level 5 in Hexes
  4853 | D:6      | Reached skill level 5 in Summonings
  4853 | D:6      | Reached skill level 5 in Necromancy
  4853 | D:6      | Reached skill level 5 in Translocations
  4853 | D:6      | Reached skill level 5 in Transmutations
  4853 | D:6      | Reached skill level 5 in Fire Magic
  4853 | D:6      | Reached skill level 5 in Ice Magic
  4853 | D:6      | Reached skill level 5 in Air Magic
  4853 | D:6      | Reached skill level 5 in Earth Magic
  4853 | D:6      | Reached skill level 5 in Poison Magic
  5290 | D:6      | Reached skill level 8 in Fighting
  5290 | D:6      | Reached XP level 9. HP: 47/63 MP: 0/0
  5290 | D:6      | Learned a level 3 spell: Mephitic Cloud
  5377 | D:6      | Found a shadowy altar of Dithmenos.
  5504 | D:6      | Found an iron altar of Okawaru.
  5895 | D:7      | Reached *** piety under Hepliaklqana
  5896 | D:7      | Noticed a troll
  5910 | D:7      | Killed a troll
  5911 | D:7      | Reached skill level 9 in Fighting
  6384 | D:7      | Found a glowing silver altar of Zin.
  6498 | D:7      | Found a snail-covered altar of Cheibriados.
  6534 | D:7      | Reached XP level 10. HP: 32/71 MP: 0/0
  7073 | D:7      | Found a broken altar of Ashenzari.
  7129 | D:8      | Found a staircase to the Lair.
  7135 | D:8      | Noticed justen's ghost (novice MfSh)
  7145 | D:8      | Found a transporter.
  7167 | D:8      | Found a sand-covered staircase.
  7181 | Ossuary  | Entered an ossuary
  7435 | Ossuary  | Reached skill level 10 in Fighting
  7597 | D:8      | Noticed a deep elf pyromancer
  7633 | D:8      | Found a transporter.
  9033 | D:8      | Noticed Joseph
  9167 | D:7      | Slain by a warg

Illustrated notes

Levels and vault maps discovered:
D:1:      dpeg_arrival_brainrot, layout_rooms, serial_shops, nicolae_shop_stone
D:2:      layout_loops_ring, basic_altar
D:3:      layout_basic, chequers_temple_overflow_statue_of_worship,
          gammafunk_ghost_gnarly_gnolls
D:4:      layout_basic, uniq_menkaure, uniq_sigmund
D:5:      layout_loops_cross, nicolae_overflow_hidden_temple,
          minmay_temple_entry_poolview, serial_glass, glass_columns_a,
          glass_columns_a
D:6:      layout_basic, marbit_many_paths, okawaru_gym_becter,
          nicolae_dithmenos_through_a_glass_darkly
D:7:      layout_loops_ring, mainiacjoe_overflow_24_doors,
          mainiacjoe_overflow_cross_hatched, lemuel_tele_altar, kennysheep_dice
D:8:      layout_basic, erik_lair_orcish_takeover, nzn_ghost_randoct,
          enter_ossuary_3, nicolae_straight_to_the_point, uniq_joseph,
          uniq_maggie
Temple:   corrupted_temple

Skill      XL: |  1  2  3  4  5  6  7  8  9 10 |
---------------+-------------------------------+-----
Fighting       | 4 5 6 8 9 10 | 10.9
Spellcasting   | 2 3 4 5 6 7 |  7.8
Conjurations   | 2 3 4 5 6 7 |  7.8
Hexes          | 2 3 4 5 6 7 |  7.8
Summonings     | 2 3 4 5 6 7 |  7.8
Necromancy     | 2 3 4 5 6 7 |  7.8
Translocations | 2 3 4 5 6 7 |  7.8
Transmutations | 2 3 4 5 6 7 |  7.8
Fire Magic     | 2 3 4 5 6 7 |  7.8
Ice Magic      | 2 3 4 5 6 7 |  7.8
Air Magic      | 2 3 4 5 6 7 |  7.8
Earth Magic    | 2 3 4 5 6 7 |  7.8
Poison Magic   | 2 3 4 5 6 7 |  7.8
Long Blades    | |  1.7
Dodging        | |  2.1
Stealth        | |  4.1

Action                     |  1- 3 |  4- 6 |  7- 9 | 10-12 || total
---------------------------+-------+-------+-------+-------++-------
  Melee: Falchion          |     6 |    30 |   190 |   166 ||   392
         Short sword       |       |   105 |    58 |       ||   163
         Punch             |       |     2 |     4 |     3 ||     9
   Cast: Poisonous Vapours |       |    33 |    51 |    14 ||    98
         Tukima's Dance    |       |       |    22 |     4 ||    26
         Mephitic Cloud    |       |       |     2 |     1 ||     3
 Invoke: Ancestor Life: Kn |       |       |     1 |       ||     1
         Recall Ancestor   |       |       |     1 |     1 ||     2
  Evoke: Wand              |     7 |       |       |       ||     7
    Use: Potion            |       |     1 |     1 |       ||     2
         Scroll            |       |       |       |     2 ||     2
   Stab: Sleeping          |     1 |     4 |     8 |     2 ||    15
         Distracted        |       |       |     2 |     2 ||     4
 Armour: Leather armour    |     8 |    86 |   142 |   152 ||   388
  Dodge: Dodged            |    10 |    92 |   182 |   132 ||   416

Table legend: (Time is in decaauts)
 A = Elapsed time spent in this place.
 B = Non-inter-level travel time spent in this place.
 C = Inter-level travel time spent in this place.
 D = Time resting spent in this place.
 E = Time spent auto-exploring this place.
 F = Levels seen in this place.
 G = Mean time per level.
                   A        B        C        D        E       F      G
               +--------+--------+--------+--------+--------+-----+--------+
         Total |   9246 |   8917 |    329 |   1719 |   5405 |  10 |  924.6 |
       Dungeon |   8778 |   8468 |    310 |   1719 |   5187 |   8 | 1097.2 |
        Temple |     36 |     18 |     18 |      0 |      0 |   1 |   36.0 |
       Ossuary |    431 |    431 |      0 |      0 |    218 |   1 |  431.0 |
               +--------+--------+--------+--------+--------+-----+--------+

Top non-repeatable levels by time:
     D:7: 2077 daAuts
     D:5: 1505 daAuts
     D:6: 1469 daAuts
     D:4: 1276 daAuts
     D:2: 707 daAuts
     D:3: 652 daAuts
     D:1: 594 daAuts
     D:8: 495 daAuts
 Ossuary: 431 daAuts
  Temple: 36 daAuts
